 Dungeon Crawl Stone Soup version 0.19-a0-1899-g2d93087 (console) character file.

2463 ChaseSP the Spear-Bearer (level 9, -7/62 HPs)
             Began as a Merfolk Gladiator on Oct 20, 2016.
             Mangled by Joseph
             ... wielding a +1 quarterstaff of protection
              (13 damage)
             ... on level 8 of the Dungeon.
             The game lasted 00:19:42 (7182 turns).

ChaseSP the Spear-Bearer (Merfolk Gladiator)        Turns: 7182, Time: 00:19:43

Health: -7/62      AC: 14    Str: 15    XL:     9   Next: 50%
Magic:  9/9        EV: 10    Int:  7    God:
Gold:   128        SH:  0    Dex: 18    Spells: 0 memorised, 8 levels left

rFire  . . .     SeeInvis .     a - +0 trident
rCold  + . .     Gourm    .     g - +0 chain mail
rNeg   . . .     Faith    .     (no shield)
rPois  .         Spirit   .     q - +1 helmet
rElec  .         Reflect  .     G - +1 cloak
rCorr  .         Harm     .     (no gloves)
MR     .....                    (no boots)
Stlth  ..........               (no amulet)
                                u - ring of protection from cold
                                r - ring of flight

@: no status effects
A: change form in water, swift swim, stealthy swim
a: Evoke Flight


You were on level 8 of the Dungeon.
You were not hungry.

You visited 2 branches of the dungeon, and saw 9 of its levels.

You collected 498 gold pieces.
You spent 370 gold pieces at shops.

Inventory:

Hand Weapons
 a - a +0 trident (weapon)
Missiles
 d - 5 throwing nets (quivered)
Armour
 g - a +0 chain mail (worn)
 q - a +1 helmet (worn)
 F - a +0 scale mail of poison resistance
 G - a +1 cloak (worn)
Jewellery
 r - a ring of flight (left hand)
 u - a ring of protection from cold (right hand)
Wands
 e - a wand of random effects (44/48)
 n - a wand of enslavement (17/24)
 t - a wand of random effects (2/48)
Scrolls
 b - a scroll of recharging {unknown}
 c - a scroll of amnesia {unknown}
 j - a scroll of immolation {unknown}
 k - 5 scrolls of identify
 p - 3 scrolls of teleportation
 y - 2 scrolls of remove curse
 C - a scroll of magic mapping
 D - 2 scrolls of fog {unknown}
Potions
 h - 2 potions of haste
 m - 2 potions of flight
 o - a potion of agility {unknown}
 v - 3 potions of curing {unknown}
 x - a potion of invisibility {unknown}
 B - a potion of ambrosia {unknown}
 H - 2 potions of heal wounds
Books
 z - a book of Minor Magic

   Spells                             Type                      Level
   a - Magic Dart                     Conjuration                  1
   b - Blink                          Translocation                2
   c - Call Imp                       Summoning                    2
   d - Repel Missiles                 Charms/Air                   2
   e - Slow                           Hexes                        2
   f - Conjure Flame                  Conjuration/Fire             3
   g - Mephitic Cloud                 Conjuration/Poison/Air       3
Comestibles
 f - 8 bread rations
 i - 2 meat rations
 l - a slice of pizza
 s - a royal jelly
 w - 2 beef jerkies
 A - 6 fruits
 E - a chunk of flesh


   Skills:
 * Level 2.3 Fighting
 - Level 14.0 Polearms
 - Level 2.0 Throwing
 + Level 4.6 Armour
 + Level 6.8 Dodging


You had 8 spell levels left.
You didn't know any spells.

Dungeon Overview and Level Annotations

Branches:
Dungeon (8/15)             Temple (1/1) D:5
   Lair: D:8-11

Altars:
Ashenzari
Cheibriados
Dithmenos
Elyvilon
Fedhas
Gozag
Hepliaklqana
Kikubaaqudgha
Makhleb
Nemelex Xobeh
Qazlal
Sif Muna
Trog
Uskayaw
Vehumet
Xom
Yredelemnul
Zin
The Shining One

Shops:
D:5 ?   D:6 *[

Annotations:
D:7 !cyan ugly thing
D:8 Joseph


Message History

Joseph is almost dead.
The howler monkey zombie hits you but does no damage.
You hit Joseph.
Joseph is almost dead.
Joseph hits you with an uncursed quarterstaff of protection.
* * * LOW HITPOINT WARNING * * *
You hit Joseph but do no damage.
Joseph is almost dead.
The howler monkey zombie hits you.
* * * LOW HITPOINT WARNING * * *
You hit Joseph.
Joseph is almost dead.
Joseph hits you with an uncursed quarterstaff of protection.
* * * LOW HITPOINT WARNING * * *
The howler monkey zombie hits you.
* * * LOW HITPOINT WARNING * * *
You hit Joseph but do no damage.
Joseph is almost dead.
Joseph hits you with an uncursed quarterstaff of protection!
You die...

....... ......$.#
........## ##
.........######...
................#
................#
..(........Z....##
.....(....@@......
........#.....$...
........#####.....
........### ####
###+##.......#
#......#..##.#
#......#..##.#
#).....#..##.###
#..............#


You could see Joseph and a howler monkey zombie.

Vanquished Creatures
  The ghost of kilphil the Carver, a novice DgGl (D:6)
  Prince Ribbit (D:5)
  Sigmund (D:2)
  Edmund (D:6)
  2 ogres
  A centaur (D:6)
  3 bullfrogs
  Blork the orc (D:5)
  A gnoll sergeant (D:7)
  A scorpion (D:7)
  A howler monkey (D:6)
  2 crimson imps
  A quasit (D:6)
  4 orc priests
  2 gnoll shamans
  An iguana (D:4)
  Jessica (D:3)
  Terence (D:2)
  2 worker ants
  Ijyb (D:2)
  7 orc wizards
  The ghost of asss the Skirmisher, a weakling HOMo (D:4)
  Robin (D:2)
  16 gnolls
  A river rat (D:3)
  9 adders
  2 shadow imps
  A worm (D:3)
  9 leopard geckos
  27 orcs
  9 bats
  4 giant cockroaches
  17 goblins
  9 hobgoblins
  3 jackals (D:5)
  3 quokkas
  2 ball pythons
  6 frilled lizards
  A hobgoblin zombie (D:6)
  7 kobolds
  A kobold skeleton (D:6)
  A kobold zombie (D:6)
  2 orc skeletons (D:6)
  2 orc zombies (D:6)
  A quokka zombie (D:5)
  11 rats
182 creatures vanquished.

Notes
Turn   | Place    | Note
-------+----------+-------------------------------------------
     0 | D:1      | ChaseSP the Merfolk Gladiator began the quest for the Orb.
     0 | D:1      | Reached XP level 1. HP: 16/16 MP: 1/1
   160 | D:1      | Reached skill level 5 in Polearms
   163 | D:1      | Reached XP level 2. HP: 22/22 MP: 2/2
   762 | D:2      | Noticed Ijyb
   789 | D:2      | Killed Ijyb
   789 | D:2      | Reached skill level 6 in Polearms
   789 | D:2      | Reached XP level 3. HP: 22/27 MP: 3/3
   938 | D:2      | Noticed Robin
   951 | D:2      | Killed Robin
   951 | D:2      | Reached skill level 7 in Polearms
   951 | D:2      | Reached XP level 4. HP: 29/33 MP: 4/4
  1209 | D:2      | Noticed Terence
  1221 | D:2      | Killed Terence
  1777 | D:2      | Reached skill level 8 in Polearms
  1799 | D:2      | Reached XP level 5. HP: 38/38 MP: 5/5
  1812 | D:2      | Noticed Sigmund
  1827 | D:2      | Killed Sigmund
  1827 | D:2      | Reached skill level 9 in Polearms
  1827 | D:2      | Reached XP level 6. HP: 44/44 MP: 6/6
  1854 | D:2      | Found a bloodstained altar of Trog.
  2020 | D:3      | Noticed Jessica
  2025 | D:3      | Killed Jessica
  2025 | D:3      | Reached skill level 10 in Polearms
  2793 | D:3      | Reached XP level 7. HP: 50/50 MP: 7/7
  3049 | D:4      | Found a hide-covered altar of Uskayaw.
  3078 | D:4      | Reached skill level 11 in Polearms
  3268 | D:4      | Noticed asss's ghost (weakling HOMo)
  3278 | D:4      | Killed asss's ghost
  3617 | D:4      | Reached skill level 12 in Polearms
  3717 | D:5      | Entered Level 5 of the Dungeon
  3729 | D:5      | Found a shattered altar of Ashenzari.
  3806 | D:5      | Noticed Prince Ribbit
  3818 | D:5      | HP: 1/50 [Prince Ribbit (15)]
  3822 | D:5      | Killed Prince Ribbit
  3822 | D:5      | Reached skill level 13 in Polearms
  3822 | D:5      | Reached XP level 8. HP: 14/56 MP: 8/8
  4401 | D:5      | Found a staircase to the Ecumenical Temple.
  4499 | Temple   | Entered the Ecumenical Temple
  4751 | D:5      | Noticed Blork the orc
  4775 | D:5      | Killed Blork the orc
  4775 | D:5      | Reached skill level 14 in Polearms
  4817 | D:5      | Found Innosed's Magic Scroll Shoppe.
  4820 | D:5      | Bought a scroll of remove curse for 45 gold pieces
  4820 | D:5      | Bought a scroll of magic mapping for 52 gold pieces
  4943 | D:5      | Found a deep blue altar of Sif Muna.
  5353 | D:6      | Noticed kilphil's ghost (novice DgGl)
  5364 | D:6      | Killed kilphil's ghost
  5364 | D:6      | Reached skill level 5 in Dodging
  5605 | D:6      | Found Vos Vomn's Assorted Antiques.
  5635 | D:6      | Found a glowing golden altar of the Shining One.
  5650 | D:6      | Found a glowing golden altar of the Shining One.
  5666 | D:6      | Reached XP level 9. HP: 55/61 MP: 9/9
  5815 | D:6      | Found Kesoe's Armour Shop.
  5829 | D:6      | Bought a +0 scale mail of poison resistance for 112 gold pieces
  5829 | D:6      | Bought a +1 cloak for 161 gold pieces
  5904 | D:6      | Noticed Edmund
  5936 | D:6      | Killed Edmund
  6226 | D:6      | Found a hazy altar of Hepliaklqana.
  6232 | D:6      | Found a shadowy altar of Dithmenos.
  6886 | D:7      | Noticed a cyan ugly thing
  7133 | D:8      | Noticed Joseph
  7182 | D:8      | Mangled by Joseph

Vault maps used:
D:1:      lightli_arrival_chessboard, minmay_misc_feat_chi, st_stairs_13,
          roderic_lattice_a, due_unseen_surprise
D:2:      bloody_trog, first_bread, minmay_joined_circles, uniq_sigmund,
          uniq_terence, uniq_iyjb, uniq_robin
D:3:      gup_sewer_entry_spiral, uniq_jessica
D:4:      eat_drink_and_be_merry_uskayaw
D:5:      ashenzari_conservatory_becter, led_sif_book, serial_shops,
          kennysheep_mini, uniq_prince_ribbit1, uniq_blork_the_orc
D:6:      minitemple, basic_altar, serial_shops, nicolae_shop_waterfront, shop,
          minmay_misc_feat_alley, hangedman_abyss_or_decor_stabs,
          nicolae_tso_besieged_by_evil, uniq_edmund
D:7:      gammafunk_temple_overflow_statue
D:8:      david_nohive_1, uniq_joseph
Temple:   nicolae_temple_figure_eight

Skill      XL: |  1  2  3  4  5  6  7  8  9 |
---------------+----------------------------+-----
Polearms       | 5 6 7 8 9 10 13 14 | 14.0
Armour         | 2 4 |  4.6
Dodging        | 5 6 |  6.8
Fighting       | |  2.3
Throwing       | |  2.0

Action                   |  1- 3 |  4- 6 |  7- 9 || total
-------------------------+-------+-------+-------++-------
Melee: Trident           |   103 |   213 |   605 ||   921
       Tailslap          |       |     2 |       ||     2
  Use: Scroll            |       |     8 |       ||     8
       Potion            |       |     1 |     5 ||     6
 Stab: Sleeping          |     1 |       |       ||     1
  Eat: Chunk             |       |     6 |    15 ||    21
Armor: Leather armour    |    10 |       |       ||    10
       Chain mail        |    40 |    71 |   171 ||   282
Dodge: Dodged            |    39 |    84 |   147 ||   270
